 Dungeon Crawl Stone Soup version 0.22-a0-192-g6ffc940 (webtiles) character file.

28 vishdafish the Slasher (level 3, 24/28 HPs)
             Began as a Demonspawn Gladiator on Feb 17, 2018.
             Quit the game on level 1 of the Dungeon.
             The game lasted 00:00:58 (743 turns).

vishdafish the Slasher (Demonspawn Gladiator)        Turns: 743, Time: 00:00:59

Health: 24/28      AC:  6    Str: 14    XL:     3   Next: 0%
Magic:  3/3        EV: 13    Int: 10    God:
Gold:   18         SH:  0    Dex: 14    Spells: 2/2 levels left

rFire    . . .     SeeInvis .   a - +0 long sword
rCold    . . .     Gourm    .   (no shield)
rNeg     . . .     Faith    .   b - +0 leather armour
rPois    .         Spirit   .   c - +0 helmet
rElec    .         Reflect  .   (no cloak)
rCorr    .         Harm     .   (no gloves)
MR       .....                  (no boots)
Stlth    +.........             (no amulet)
HPRegen  0.09/turn              (no ring)
MPRegen  0.08/turn              (no ring)

@: no status effects
A: claws 1, slimy green scales 1
a: no special abilities


You were on level 1 of the Dungeon.
You were not hungry.

You visited 1 branch of the dungeon, and saw 1 of its levels.

You collected 18 gold pieces.

Inventory:

Hand Weapons
 a - a +0 long sword (weapon)
Missiles
 d - 3 throwing nets (quivered)
 i - 22 bolts
Armour
 b - a +0 leather armour (worn)
 c - a +0 helmet (worn)
Jewellery
 e - a cursed -2 ring of evasion {unknown}
 g - a cursed ring of teleportation {unknown}
Scrolls
 h - a scroll of amnesia {unknown}
Potions
 j - a potion of lignification {unknown}
Comestibles
 f - 2 rations


   Skills:
 + Level 2.3 Fighting
 * Level 3.2 Long Blades
 - Level 1.7 Throwing
 + Level 0.8 Armour
 + Level 3.0 Dodging


You had 2 spell levels left.
You didn't know any spells.

Dungeon Overview and Level Annotations

Branches:
Dungeon (1/15)

Altars:


Innate Abilities, Weirdness & Mutations

You have sharp fingernails.
You are partially covered in slimy green scales. (AC +2)


Message History

A hobgoblin comes into view. It is wielding a club.
Things that are here:
a club; a hobgoblin corpse A hobgoblin is nearby!
You closely miss the hobgoblin. The hobgoblin closely misses you.
You completely miss the hobgoblin. The hobgoblin hits you with a club.
You barely miss the hobgoblin.
The hobgoblin hits you but does no damage.
You closely miss the hobgoblin. The hobgoblin closely misses you.
You hit the hobgoblin.
You kill the hobgoblin!
Your Dodging skill increases to level 3!
You have reached level 3!
Your experience leads to an increase in your attributes!
Increase (S)trength, (I)ntelligence, or (D)exterity?
You feel clever.
Your demonic ancestry asserts itself...
Your fingernails lengthen.
j - a viscous brown potion You see here a club.
Are you sure you want to abandon this character and quit the game? (Confirm with "yes".)

#.#...<.....>..
#.......#.###
.....P...P.#.#
#####.....##.#
#...####..# ##
##..# ##.#.## ..
##.###..##.##.####
#....#......)...#
############....@#
...#.........)...#
.#...######.....##
...### ##...##
#.## ##.## #.####
#.# #.# .....# #.#
#.# #.##.# ##+##
#.# #.##.# ##...##
#.#


There were no monsters in sight!

Vanquished Creatures
  3 giant cockroaches (D:1)
  4 goblins (D:1)
  4 hobgoblins (D:1)
  4 jackals (D:1)
  4 bats (D:1)
  A frilled lizard (D:1)
  4 kobolds (D:1)
  A rat (D:1)
25 creatures vanquished.

Notes
Turn   | Place    | Note
-------+----------+-------------------------------------------
     0 | D:1      | vishdafish the Demonspawn Gladiator began the quest for the Orb.
     0 | D:1      | Reached XP level 1. HP: 16/16 MP: 1/1
   244 | D:1      | Gained mutation: You are partially covered in slimy green scales. (AC +2) [demonic ancestry]
   244 | D:1      | Reached XP level 2. HP: 16/22 MP: 2/2
   740 | D:1      | Gained mutation: You have sharp fingernails. [demonic ancestry]
   740 | D:1      | Reached XP level 3. HP: 24/28 MP: 3/3
   743 | D:1      | Quit the game

Vault maps used:
D:1:      dpeg_arrival_orchard

Skill      XL: |  1  2 |
---------------+-------+-----
Long Blades    | 3 |  3.2
Dodging        | 3 |  3.0
Fighting       | |  2.3
Throwing       | |  1.7
Armour         | |  0.8

Action                   || total
-------------------------++-------
Melee: Long sword        ||    49
Armor: Leather armour    ||    17
Dodge: Dodged            ||    35
       Rpst.: Long sword ||    11

Table legend:
 A = Spawn XP
 B = Non-spawn XP
 C = Spawn XP percentage of total XP
 D = Spawn monster count
 E = Non-spawn monster count
 F = Spawn count percentage of total count
 G = Total turns spent on level
                    A         B        C        D         E        F      G
               +---------+---------+-------+---------+---------+-------+---------
         Total |       0 |      41 |   0.0 |       0 |      25 |   0.0 |   743
               +---------+---------+-------+---------+---------+-------+---------
           D:1 |       0 |      41 |   0.0 |       0 |      25 |   0.0 |   743
               +---------+---------+-------+---------+---------+-------+---------
